 Dungeon Crawl Stone Soup version 0.31-a0-844-gdc52ec4e09 (webtiles) character file.

Game seed: 419170964526550446

431 Kurtz the Chopper (level 7, -9/48 HPs)
             Began as an Octopode Fighter on Oct 1, 2023.
             Killed from afar by an orc wizard (12 damage)
             ... with a magic dart
             ... on level 5 of the Dungeon.
             The game lasted 00:02:19 (1966 turns).

Kurtz the Chopper (Octopode Fighter)                Turns: 1966, Time: 00:02:20

Health: -9/48      AC:  1    Str: 15    XL:     7   Next: 0%
Magic:  7/7        EV: 13    Int: 11    God:
Gold:   101        SH:  4    Dex: 13    Spells: 6/6 levels left

rFire   . . .        a - +0 war axe
rCold   . . .        b - +0 buckler
rNeg    . . .        (helmet restricted)
rPois   .            (no amulet)
rElec   .            (no ring)
rCorr   .            (no ring)
SInv    .            (no ring)
Will    .....        (no ring)
Stlth   +++          (no ring)
HPRegen 0.28/turn    (no ring)
MPRegen 0.10/turn    (no ring)
                     (no ring)

%: no passive effects
@: no status effects
A: almost no armour, amphibious, 8 rings, camouflage 1, gelatinous body 1,
(nimble swimmer 1), tentacles
a: no special abilities


You were on level 5 of the Dungeon.
You visited 1 branch of the dungeon, and saw 4 of its levels.

You collected 101 gold pieces.

Inventory:

Hand Weapons
 a - a +0 war axe (weapon)
 i - a +0 heavy flail
Missiles
 j - 2 throwing nets
 n - 3 poisoned darts
Armour
 b - a +0 buckler (worn)
Scrolls
 d - 3 scrolls of torment {unknown}
 e - 2 scrolls of teleportation {unknown}
 f - a scroll of immolation {unknown}
 k - 3 scrolls of identify {unknown}
 m - a scroll of enchant weapon {unknown}
Potions
 c - a potion of might
 g - a potion of curing {unknown}
 h - 2 potions of cancellation {unknown}
 l - 4 potions of heal wounds {unknown}


   Skills:
 * Level 4.1 Fighting
 * Level 6.0 Axes
 - Level 3.0 Dodging
 * Level 3.6 Stealth
 - Level 3.0 Shields


You had 6 spell levels left.
You didn't know any spells.
Your spell library contained the following spells:

 Spells                   Type           Power      Damage    Failure   Level
 Ensorcelled Hibernation  Hex/Ice        0%         N/A       56%         2
 Passwall                 Tmut/Erth      0%         N/A       56%         2
 Swiftness                Air            0%         N/A       80%         3


Dungeon Overview and Level Annotations

Branches:
Dungeon (3/15)

Altars:

Annotations:
D:2 1 runed translucent door, Crazy Yiuf


Innate Abilities, Weirdness & Mutations

You cannot wear most types of armour.
You are amphibious.
You can wear up to eight rings at the same time.
Your skin changes colour to match your surroundings (Stealth+).
Your rubbery body absorbs attacks. (AC +1, EV +1)
((You are camouflaged when in or above water. (Stealth+)))
You have tentacles for arms and can constrict up to eight enemies at once.


Message History

The ogre hits you with a +0 giant club!
An ogre is nearby!
You barely miss the ogre.
Your tentacle-slap misses the ogre.
The ogre is heavily wounded.
The ogre misses you.
You hit the ogre.
The ogre is heavily wounded.
The ogre hits you with a +0 giant club.
You hit the ogre.
The ogre is severely wounded.
The ogre hits you with a +0 giant club!!
* * * LOW HITPOINT WARNING * * *
You are too injured to fight recklessly!
You are too injured to fight recklessly!
You hit the ogre.
The ogre is severely wounded.
The ogre closely misses you.
You slash the ogre! You squeeze the ogre.
You kill the ogre!
Your Axes skill increases to level 6!
You have reached level 7!
There is an open door, spattered with blood here.
Things that are here:
a +0 giant club; an ogre corpse An orc wizard comes into view.
It is wielding a +0 dagger.
Found 12 gold pieces and a yellow potion.
A centaur and an orc priest come into view.
The orc wizard shouts!
The orc priest shouts!
The orc wizard gestures at you while chanting.
You resist with some effort.
The orc priest mumbles some strange prayers to Beogh against you.
Beogh smites you!
* * * LOW HITPOINT WARNING * * *
An orc priest comes into view. It is wielding a +0 whip.
Unknown command.
Unknown command.
Unknown command.
The orc wizard casts a spell at you. The magic dart hits you!
You die...

### ###...o ##########
.......
#........#########.o.....
#........).@.....o.......
#........########........
#........'...>...........
#........########........
########## #........
#........ #.....c..
##.$..!.c


You could see an orc wizard.

Vanquished Creatures
  Sigmund (D:2)
  An ogre (D:5)
  Jessica (D:3)
  Terence (D:3)
  Robin (D:2)
  4 gnolls (D:2)
  2 adders
  3 dart slugs (D:1)
  3 orcs (D:3)
  6 ball pythons
  4 bats
  6 endoplasms
  3 giant cockroaches
  10 goblins
  7 hobgoblins
  6 frilled lizards
  3 kobolds
  3 rats
65 creatures vanquished.

Notes
Turn   | Place    | Note
-------+----------+-------------------------------------------
     0 | D:1      | Kurtz the Octopode Fighter began the quest for the Orb.
     0 | D:1      | Reached XP level 1. HP: 16/16 MP: 1/1
    48 | D:1      | Found a faded altar of an unknown god.
   103 | D:1      | Reached XP level 2. HP: 21/21 MP: 2/2
   186 | D:1      | Reached skill level 3 in Axes
   282 | D:1      | Reached XP level 3. HP: 16/26 MP: 3/3
   648 | D:2      | Noticed Sigmund
   655 | D:2      | Killed Sigmund
   656 | D:2      | Reached skill level 5 in Axes
   656 | D:2      | Reached skill level 1 in Stealth
   656 | D:2      | Reached XP level 4. HP: 19/33 MP: 4/4
   656 | D:2      | Reached XP level 5. HP: 22/37 MP: 5/5
   747 | D:2      | Reached XP level 6. HP: 30/43 MP: 6/6
  1045 | D:2      | Noticed Robin
  1054 | D:2      | Killed Robin
  1092 | D:2      | Found a runed translucent door.
  1093 | D:2      | Noticed Crazy Yiuf
  1614 | D:3      | Noticed Jessica
  1617 | D:3      | Killed Jessica
  1674 | D:3      | Noticed Terence
  1681 | D:3      | Killed Terence
  1926 | D:3      | You fall into a shaft and drop 2 floors!
  1926 | D:5      | Entered Level 5 of the Dungeon
  1952 | D:5      | Reached skill level 6 in Axes
  1952 | D:5      | Reached XP level 7. HP: 11/48 MP: 7/7
  1960 | D:5      | HP: 2/48 [orc priest/divine providence (12)]
  1966 | D:5      | Killed from afar by an orc wizard

Illustrated notes

Levels and vault maps discovered:
D:1:      spicycebolla_arrival_clurvy, layout_basic,
          chequers_ecumenical_altar_grove
D:2:      layout_loops_ring, nicolae_underground_beach, uniq_robin,
          uniq_sigmund, uniq_crazy_yiuf_cottage
D:3:      layout_basic, uniq_jessica, uniq_terence
D:5:      layout_basic, kennysheep_little_box,
          mainiacjoe_overflow_small_starburst, nicolae_ossuary_entry_monument,
          chequers_serial_rivers_small_3

Skill      XL: |  1  2  3  4  5  6 |
---------------+-------------------+-----
Axes           | 3 5 6 |  6.0
Stealth        | 1 2 3 |  3.6
Fighting       | 4 |  4.1
Dodging        | |  3.0
Shields        | |  3.0

Action                     |  1- 3 |  4- 6 |  7- 9 || total
---------------------------+-------+-------+-------++-------
  Melee: War axe           |    45 |    68 |       ||   113
         Constrict         |    12 |    15 |       ||    27
         Tentacles         |    10 |    11 |       ||    21
         Punch             |       |     2 |       ||     2
   Stab: Sleeping          |     2 |     7 |       ||     9
 Armour: Skin              |    23 |    16 |     1 ||    40
  Dodge: Dodged            |    22 |    37 |       ||    59
  Block: Buckler           |     9 |    12 |       ||    21

Table legend: (Time is in decaauts)
 A = Elapsed time spent in this place.
 B = Non-inter-level travel time spent in this place.
 C = Inter-level travel time spent in this place.
 D = Time resting spent in this place.
 E = Time spent auto-exploring this place.
 F = Levels seen in this place.
 G = Mean time per level.
                   A        B        C        D        E       F      G
               +--------+--------+--------+--------+--------+-----+--------+
         Total |   2000 |   1949 |     51 |     57 |   1524 |   4 |  500.0 |
       Dungeon |   2000 |   1949 |     51 |     57 |   1524 |   4 |  500.0 |
               +--------+--------+--------+--------+--------+-----+--------+

Top non-repeatable levels by time:
     D:2: 853 daAuts
     D:1: 582 daAuts
     D:3: 522 daAuts
     D:5: 42 daAuts
